 Dungeon Crawl Stone Soup version 0.30-a0-722-g3e6e8c874d (webtiles) character file.

Game seed: 8931693883402037208

25 porpoise the Magician (level 3, -3/28 HPs)
             Began as a Djinni Fire Elementalist on Jan 27, 2023.
             Slain by Terence
             ... wielding a +0 falchion
              (9 damage)
             ... on level 2 of the Dungeon on Jan 28, 2023.
             The game lasted 00:05:26 (1636 turns).

porpoise the Magician (Djinni Fire Elementalist)    Turns: 1636, Time: 00:05:26

Health: -3/28      AC:  3    Str:  7    XL:     3   Next: 20%
Gold:   59         EV: 12    Int: 18    God:
                   SH:  0    Dex: 13

rFire   + + .      SeeInvis .    a - +0 dagger
rCold   x . .      Faith    .    (no shield)
rNeg    . . .      Spirit   .    e - +0 robe
rPois   ∞          Reflect  .    (no helmet)
rElec   .          Harm     .    (no cloak)
rCorr   .          Rampage  .    l - +0 pair of gloves
Will    .....                    (boots unavailable)
Stlth   ++                       (no amulet)
HPRegen 0.24/turn                d - ring of wizardry
MPRegen 0.00/turn                (no ring)

@: flying
A: sickness immunity, fire resistance 2, cold vulnerability 1, float, innate
caster, HP casting, extra vitality 1
a: no special abilities


You were on level 2 of the Dungeon.
You visited 1 branch of the dungeon, and saw 2 of its levels.

You collected 59 gold pieces.

Inventory:

Hand Weapons
 a - a +0 dagger (weapon)
 b - a +0 sling
Missiles
 h - 3 poisoned darts
Armour
 e - a +0 robe (worn)
 l - a +0 pair of gloves (worn)
Jewellery
 d - a ring of wizardry (left hand)
Scrolls
 f - a scroll of enchant armour {unknown}
 g - a scroll of vulnerability {unknown}
 i - a scroll of blinking {unknown}
 j - a scroll of enchant weapon {unknown}
 o - a scroll of amnesia {unknown}
Potions
 c - a potion of mutation {unknown}
 k - a potion of heal wounds {unknown}
 m - a potion of attraction {unknown}
 n - a potion of magic
 p - a potion of curing {unknown}
 q - a potion of resistance {unknown}


   Skills:
 + Level 1.7 Fighting
 - Level 2.1 Dodging
 - Level 1.5 Stealth
 + Level 2.9 Spellcasting


You couldn't memorise any spells.
You knew the following spells:

 Your Spells              Type           Power      Damage    Failure   Level
a - Foxfire               Conj/Fire      52%        2x1d6     1%          1
b - Scorch                Fire           26%        2d6       3%          2
c - Kindle Blastsparks    Fire/Tloc/Air  26%        2d12      6%          3
d - Inner Flame           Hex/Fire       13%        N/A       6%          3
e - Flame Wave            Conj/Fire      13%        2d6       21%         4
f - Magic Dart            Conj           52%        1d5       1%          1
Your spell library was empty.

Dungeon Overview and Level Annotations

Branches:
Dungeon (2/15)

Altars:

Annotations:
D:2 Terence


Innate Abilities, Weirdness & Mutations

You are immune to sickness and miasma.
You are immune to poison.
Your flesh is very heat resistant. (rF++)
You are vulnerable to cold. (rC-)
You float through the air rather than walking.
You learn spells naturally, not from books.
Your magical power is your life essence.
You have superior vitality. (+4 MHP)


Message History

Terence is moderately wounded.
Terence closely misses you.
Press: ? - help, v - describe, . - travel
Here: Terence, wielding a +0 falchion and wearing a +0 chain mail (moderately wounded)
The floor.
Casting: Scorch (safe; 3% risk of failure)
Confirm with . or Enter, or press ? or * to list all spells.
Flames lash the hobgoblin.
You kill the hobgoblin!
Terence hits you with a +0 falchion!
Casting: Scorch (safe; 3% risk of failure)
Confirm with . or Enter, or press ? or * to list all spells.
Flames lash Terence.
Terence is moderately wounded.
Terence's fire resistance burns away.
Terence closely misses you.
Casting: Scorch (safe; 3% risk of failure)
Confirm with . or Enter, or press ? or * to list all spells.
You conjure some foxfire!
Terence closely misses you.
You hit Terence.
Terence is heavily wounded.
The foxfire hits Terence but does no damage.
Terence is heavily wounded.
The foxfire hits Terence.
Terence is burned terribly!
Terence is severely wounded.
Terence misses you.
Casting: Foxfire (safe; 1% risk of failure)
Confirm with . or Enter, or press ? or * to list all spells.
You conjure some foxfire!
* * * LOW HITPOINT WARNING * * *
Terence is no longer more vulnerable to fire.
Terence hits you with a +0 falchion.
* * * LOW HITPOINT WARNING * * *
You hit Terence but do no damage.
Terence is severely wounded.
The foxfire hits Terence but does no damage.
Terence is severely wounded.
The foxfire hits Terence but does no damage.
Terence is severely wounded.
Terence hits you with a +0 falchion!
You die...

##.##
#........###
#.#
#######...#
#.# #...# #+#
#...# ##.## #
#####.#####
...
#.........#
...
###...#.###.#
.. .......@#
##.###.@# #
#.$# #.## ?.
... .## #.


You could see Terence.

Vanquished Creatures
  3 bats (D:1)
  4 endoplasms
  2 giant cockroaches (D:1)
  3 hobgoblins (D:2)
  A kobold (D:1)
  2 ball pythons
  2 frilled lizards (D:1)
  2 goblins (D:1)
  4 rats
23 creatures vanquished.

Vanquished Creatures (others)
  51 foxfires
51 creatures vanquished.

Grand Total: 74 creatures vanquished

Notes
Turn   | Place    | Note
-------+----------+-------------------------------------------
     0 | D:1      | porpoise the Djinni Fire Elementalist began the quest for
                  | the Orb.
     0 | D:1      | porpoise set off with the following spells memorised:
                  | Foxfire, Scorch, Kindle Blastsparks, Inner Flame, Flame
                  | Wave.
     0 | D:1      | Reached XP level 1. HP: 15/15 MP: 0/0
   137 | D:1      | Reached skill level 1 in Fighting
   137 | D:1      | Reached XP level 2. HP: 21/22 MP: 0/0
  1003 | D:1      | Found a faded altar of an unknown god.
  1348 | D:2      | Reached XP level 3. HP: 27/27 MP: 0/0
  1348 | D:2      | Learned a level 1 spell: Magic Dart
  1348 | D:2      | Upgraded the game from 0.30-a0-719-gcc4359ea44 to
                  | 0.30-a0-722-g3e6e8c874d
  1625 | D:2      | Noticed Terence
  1636 | D:2      | Slain by Terence

Illustrated notes

Levels and vault maps discovered:
D:1:      evilmike_arrival_crescent, layout_basic,
          shapermc_ecumenical_altar_hornbeckon
D:2:      layout_loops_corners, uniq_terence

Skill      XL: |  1 |
---------------+----+-----
Fighting       | 1 |  1.7
Dodging        | |  2.1
Stealth        | |  1.5
Spellcasting   | |  2.9

Action                     || total
---------------------------++-------
  Melee: Dagger            ||    20
         Punch             ||     1
   Fire: Sling             ||     4
   Cast: Foxfire           ||    28
         Scorch            ||     4
         Magic Dart        ||     1
 Armour: Robe              ||     8
  Dodge: Dodged            ||    25

Table legend: (Time is in decaauts)
 A = Elapsed time spent in this place.
 B = Non-inter-level travel time spent in this place.
 C = Inter-level travel time spent in this place.
 D = Time resting spent in this place.
 E = Time spent auto-exploring this place.
 F = Levels seen in this place.
 G = Mean time per level.
                   A        B        C        D        E       F      G
               +--------+--------+--------+--------+--------+-----+--------+
         Total |   1635 |   1589 |     46 |      2 |   1397 |   2 |  817.5 |
       Dungeon |   1635 |   1589 |     46 |      2 |   1397 |   2 |  817.5 |
               +--------+--------+--------+--------+--------+-----+--------+

Top non-repeatable levels by time:
     D:1: 1028 daAuts
     D:2: 607 daAuts
